 Dungeon Crawl Stone Soup version 0.31-a0-986-g5e6e4ef867 (webtiles) character file.

Game seed: 12702450584276867242

6 Demosthentine the Ducker (level 1, 0/16 HPs)
             Began as a Demonspawn Gladiator on Nov 7, 2023.
             Slain by a goblin
             ... wielding a +0 club
              (4 damage)
             ... on level 1 of the Dungeon.
             The game lasted 00:00:11 (56 turns).

Demosthentine the Ducker (Demonspawn Gladiator)       Turns: 56, Time: 00:00:11

Health: 0/16       AC:  4    Str: 14    XL:     1   Next: 75%
Magic:  1/1        EV: 12    Int:  9    God:
Gold:   0          SH:  0    Dex: 14    Spells: 0/0 levels left

rFire   . . .        a - +0 trident
rCold   . . .        (no shield)
rNeg    . . .        b - +0 leather armour
rPois   .            c - +0 helmet
rElec   .            (no cloak)
rCorr   .            (no gloves)
SInv    .            (no boots)
Will    .....        (no amulet)
Stlth   +            (no ring)
HPRegen 0.22/turn    (no ring)
MPRegen 0.07/turn

%: no passive effects
@: no status effects
A: no striking features
a: no special abilities


You were on level 1 of the Dungeon.
You visited 1 branch of the dungeon, and saw 1 of its levels.

Inventory:

Hand Weapons
 a - a +0 trident (weapon)
Missiles
 d - 3 throwing nets (quivered)
 e - a javelin
Armour
 b - a +0 leather armour (worn)
 c - a +0 helmet (worn)


   Skills:
 + Level 2.1 Fighting
 + Level 2.8 Polearms
 - Level 1.7 Throwing
 + Level 0.3 Armour
 + Level 2.8 Dodging


You couldn't memorise any spells.
You didn't know any spells.
Your spell library was empty.

Dungeon Overview and Level Annotations

Branches:
Dungeon (1/15)

Altars:


Message History

Unknown command.
You are too injured to fight recklessly!
Unknown command.
You are too injured to fight recklessly!
You hit the jackal.
The jackal is almost dead.
The jackal closely misses you. The jackal misses you.
The jackal bites you but does no damage.
You barely miss the jackal.
The jackal is almost dead.
The jackal bites you but does no damage. x3
You barely miss the jackal.
The jackal is almost dead.
The jackal closely misses you.
The jackal bites you but does no damage.
The jackal closely misses you. x2
You puncture the jackal!
You kill the jackal!
The jackal misses you. The jackal closely misses you.
The jackal closely misses you.
You see here a jackal corpse.
You hit the jackal but do no damage. The jackal closely misses you. x2
The goblin hits you with a +0 club.
You closely miss the jackal. The jackal bites you.
* * * LOW HITPOINT WARNING * * *
The goblin barely misses you.
You hit the jackal.
The jackal is heavily wounded.
The jackal bites you but does no damage. x2
The goblin barely misses you.
You hit the jackal.
The jackal is almost dead.
The jackal misses you. The goblin closely misses you.
Unknown command.
You barely miss the goblin. The jackal barely misses you.
The goblin barely misses you. The jackal closely misses you.
You barely miss the goblin.
The jackal bites you but does no damage.
The goblin hits you with a +0 club.
You die...

#### ###..# ###....#
###......# ###........#
######..)...##..# .
##.'.......####..#
....###..'.....### #.<#
#...@.'.......####..#
......gh#####......##..#
........' ###........#
........## ###......#
........# ###....#
........# ###..#
....^...# #### .........


You could see a jackal and a goblin.

Vanquished Creatures
  An endoplasm (D:1)
  3 jackals (D:1)
  A rat (D:1)
5 creatures vanquished.

Notes
Turn   | Place    | Note
-------+----------+-------------------------------------------
     0 | D:1      | Demosthentine the Demonspawn Gladiator began the quest for
                  | the Orb.
     0 | D:1      | Reached XP level 1. HP: 16/16 MP: 1/1
    56 | D:1      | Slain by a goblin

Illustrated notes

Levels and vault maps discovered:
D:1:      lemuel_arrival_funnel, layout_basic, basic_ecumenical_altar

Action                     || total
---------------------------++-------
  Melee: Trident           ||    29
         Punch             ||     1
 Armour: Leather armour    ||    32
  Dodge: Dodged            ||    61

Table legend: (Time is in decaauts)
 A = Elapsed time spent in this place.
 B = Non-inter-level travel time spent in this place.
 C = Inter-level travel time spent in this place.
 D = Time resting spent in this place.
 E = Time spent auto-exploring this place.
 F = Levels seen in this place.
 G = Mean time per level.
                   A        B        C        D        E       F      G
               +--------+--------+--------+--------+--------+-----+--------+
         Total |     60 |     60 |      0 |      0 |     24 |   1 |   60.0 |
       Dungeon |     60 |     60 |      0 |      0 |     24 |   1 |   60.0 |
               +--------+--------+--------+--------+--------+-----+--------+

Top non-repeatable levels by time:
     D:1: 60 daAuts
